 Dungeon Crawl Stone Soup version 0.30-a0-726-gd89dcf765f (webtiles) character file.

Game seed: 4566355139290815129

658 hikkokomori the Trooper (level 8, -3/71 HPs)
             Began as a Meteoran Wanderer on Jan 30, 2023.
             Succumbed to a water moccasin's poison
             ... on level 6 of the Dungeon.
             The game lasted 00:10:18 (2064 turns).

hikkokomori the Trooper (Meteoran Wanderer)         Turns: 2064, Time: 00:10:18

Health: -3/71      AC: 11    Str: 19    XL:     8   Next: 11%
Magic:  9/9        EV: 10    Int: 10    God:
Gold:   119        SH:  5    Dex: 14    Spells: 7/7 levels left

rFire   . . .      SeeInvis .    g - +1 dagger
rCold   . . .      Faith    +    c - +0 buckler
rNeg    . . .      Spirit   .    f - +4 ring mail
rPois   .          Reflect  .    (no helmet)
rElec   .          Harm     .    (no cloak)
rCorr   .          Rampage  .    d - +0 pair of gloves
Will    +....                    (no boots)
Stlth   +                        t - amulet of faith
HPRegen 0.31/turn                j - ring of flight
MPRegen 0.11/turn                (no ring)

@: lethally poisoned (-3 -> -27), flying, glowing
A: sense surroundings 1, otherworldly, glowing, explore regen
a: no special abilities


You were on level 6 of the Dungeon.
You visited 1 branch of the dungeon, and saw 6 of its levels.

You collected 119 gold pieces.

Inventory:

Hand Weapons
 a - a +0 club
 g - a +1 dagger (weapon)
 i - a +0 short sword of holy wrath
Missiles
 m - 6 poisoned darts (quivered)
 s - 2 javelins
Armour
 c - a +0 buckler (worn)
 d - a +0 pair of gloves (worn)
 f - a +4 ring mail (worn)
Jewellery
 e - a ring of ice
 j - a ring of flight (left hand)
 t - an amulet of faith (around neck)
Wands
 k - a wand of iceblast (13)
 l - a wand of polymorph (9)
Scrolls
 o - a scroll of immolation {unknown}
 p - a scroll of identify {unknown}
 r - a scroll of amnesia {unknown}
Potions
 b - 3 potions of attraction
 q - a potion of flight


   Skills:
 + Level 6.5 Fighting
 + Level 5.8 Armour
 - Level 1.0 Stealth
 + Level 5.3 Shields
 - Level 1.2 Invocations
 + Level 2.4 Evocations


You had 7 spell levels left.
You didn't know any spells.
Your spell library was empty.

Dungeon Overview and Level Annotations

Branches:
Dungeon (6/15) Zot: 1514
 Temple: D:4-7

Altars:


Innate Abilities, Weirdness & Mutations

You passively map a small area around you.
You are easily found by Zot.
You glow in the dark.
You regain HP and MP as you explore.


Message History

The water moccasin is severely wounded.
You feel sick. The water moccasin bites you. x2
* * * LOW HITPOINT WARNING * * *
You miss the water moccasin.
The water moccasin is severely wounded.
You feel sick. The water moccasin bites you.
* * * LOW HITPOINT WARNING * * *
You are lethally poisoned!
The water moccasin poisons you!
You closely miss the water moccasin.
The water moccasin is severely wounded.
* * * LOW HITPOINT WARNING * * *
You feel very sick.
The water moccasin bites you but does no damage.
The water moccasin barely misses you.
You feel better. You block the water moccasin's attack.
Sorry, you're not good enough to have a special ability.
Okay, then.
You hit the water moccasin.
The water moccasin is almost dead.
The water moccasin bites you.
* * * LOW HITPOINT WARNING * * *
You are lethally poisoned!
The water moccasin poisons you! The water moccasin bites you.
* * * LOW HITPOINT WARNING * * *
You are more poisoned.
The water moccasin poisons you!
Throw: 3 javelins
Press: ? - help, Shift-Dir - straight line You throw a javelin.
The javelin pierces through the water moccasin!
You kill the water moccasin!
* * * LOW HITPOINT WARNING * * *
You feel extremely sick.
You hear some strange, mumbled words.
Something tries to affect you, but you resist.
You have reached level 8!
Your magical effects are unravelling.
You feel magically purged.
You die...

........#+##.#...######...##.#
........#,*#.#...# #...##.#
........#.##.......
#...##.####
#.#####.#.####.#.###
#...##..... ........#.........
#...#######
#.#######......#.#. *
#........<. #.#####....#####.#
#...#####..
#................#, #.<.# #..
#######....#####@# , #.###
*#.. #######....##.##o#*
#.......... #.....'....##..{.#
,###########
#.#####....##o#### , # ,
#.'....zo.# *,* ** #
..##.#.....#.# , , ,, ,
#.........o.#.# * ** * *
#.###...o..##.####*
................. *


You could see an orc.

Vanquished Creatures
  Eustachio (D:4)
  Menkaure (D:4)
  A water moccasin (D:6)
  A kobold brigand (D:5)
  A hound (D:4)
  An iguana (D:5)
  Ijyb (D:4)
  7 gnolls
  4 adders
  3 ball pythons
  2 bats
  3 endoplasms (D:2)
  A giant cockroach (D:1)
  3 goblins
  5 hobgoblins
  4 jackals (D:4)
  A frilled lizard (D:3)
  7 kobolds
  A rat (D:3)
48 creatures vanquished.

Notes
Turn   | Place    | Note
-------+----------+-------------------------------------------
     0 | D:1      | hikkokomori the Meteoran Wanderer began the quest for the
                  | Orb.
     0 | D:1      | hikkokomori set off with the following items: a +0 club, a
                  | potion of attraction, a +0 buckler, a scroll of
                  | teleportation, a +0 chain mail.
     0 | D:1      | Reached XP level 1. HP: 22/22 MP: 2/2
   159 | D:1      | Reached XP level 2. HP: 28/28 MP: 3/3
   355 | D:2      | Reached XP level 3. HP: 14/34 MP: 4/4
   464 | D:2      | Reached XP level 4. HP: 37/41 MP: 5/5
   475 | D:2      | Reached skill level 5 in Fighting
   873 | D:3      | Noticed an ogre
   884 | D:3      | Reached XP level 5. HP: 13/48 MP: 6/6
  1004 | D:4      | Noticed Ijyb
  1057 | D:4      | Killed Ijyb
  1138 | D:4      | Noticed Menkaure
  1152 | D:4      | Killed Menkaure
  1153 | D:4      | Reached XP level 6. HP: 10/57 MP: 7/7
  1220 | D:4      | Noticed Eustachio
  1387 | D:4      | Killed Eustachio
  1388 | D:4      | Reached skill level 6 in Fighting
  1388 | D:4      | Reached skill level 5 in Armour
  1388 | D:4      | Reached XP level 7. HP: 63/63 MP: 8/8
  1397 | D:5      | Entered Level 5 of the Dungeon
  1531 | D:5      | Reached skill level 5 in Shields
  1665 | D:5      | Noticed a two-headed ogre
  1667 | D:5      | a two-headed ogre changed into a steelbarb worm
  1667 | D:5      | Noticed a steelbarb worm
  2020 | D:6      | Noticed a water moccasin
  2063 | D:6      | Killed a water moccasin
  2063 | D:6      | HP: 1/64 [poisoned by a water moccasin]
  2064 | D:6      | Reached XP level 8. HP: 1/71 MP: 9/9
  2064 | D:6      | Succumbed to a water moccasin's poison

Illustrated notes

Levels and vault maps discovered:
D:1:      lightli_arrival_maybe_door_vault, layout_basic
D:2:      layout_loops_ring, serial_co_window_serial, co_window_paths_a,
          co_window_paths_a, co_window_paths_b, co_window_paths_a,
          co_window_of_opportunity_a, co_window_corner_cb, co_window_broadway_c,
          co_window_of_opportunity_b, co_window_2corner, co_window_corner_b,
          glass_columns_a, glass_columns_a, glass_columns_a,
          shapermc_ecumenical_altar_mp_urbaneastern, uniq_terence
D:3:      layout_loops_ring, serial_glass, glass_columns_a, glass_columns_a,
          glass_columns_b, glass_columns_c, glass_columns_b, glass_columns_a,
          glass_columns_a, glass_columns_b
D:4:      layout_basic, hangedman_decor_push, minmay_misc_feat_five,
          uniq_menkaure, uniq_ijyb, uniq_eustachio
D:5:      layout_basic
D:6:      layout_basic, gammafunk_ghost_grave

Skill      XL: |  1  2  3  4  5  6  7 |
---------------+----------------------+-----
Armour         | 3 4 5 |  5.8
Shields        | 2 3 4 5 |  5.3
Fighting       | 5 6 |  6.5
Evocations     | 2 |  2.4
Stealth        | |  1.0
Invocations    | |  1.2

Action                     |  1- 3 |  4- 6 |  7- 9 || total
---------------------------+-------+-------+-------++-------
  Melee: Club              |    19 |       |       ||    19
         Dagger            |    87 |   195 |   137 ||   419
         Short sword       |       |     7 |       ||     7
  Throw: Javelin           |       |       |     1 ||     1
  Evoke: Wand              |       |     3 |     3 ||     6
    Use: Scroll            |     1 |     2 |     3 ||     6
         Potion            |     1 |     2 |     3 ||     6
 Armour: Ring mail         |    57 |   183 |    79 ||   319
  Dodge: Dodged            |    38 |   159 |    65 ||   262
  Block: Buckler           |    24 |    94 |    44 ||   162

Table legend: (Time is in decaauts)
 A = Elapsed time spent in this place.
 B = Non-inter-level travel time spent in this place.
 C = Inter-level travel time spent in this place.
 D = Time resting spent in this place.
 E = Time spent auto-exploring this place.
 F = Levels seen in this place.
 G = Mean time per level.
                   A        B        C        D        E       F      G
               +--------+--------+--------+--------+--------+-----+--------+
         Total |   2085 |   2019 |     66 |    195 |    493 |   6 |  347.5 |
       Dungeon |   2085 |   2019 |     66 |    195 |    493 |   6 |  347.5 |
               +--------+--------+--------+--------+--------+-----+--------+

Top non-repeatable levels by time:
     D:5: 536 daAuts
     D:4: 396 daAuts
     D:2: 376 daAuts
     D:1: 332 daAuts
     D:3: 306 daAuts
     D:6: 136 daAuts
